 Dungeon Crawl Stone Soup version 0.29.0-15-g675c0067aa (webtiles) character file.

Game seed: 17972316771609550536

2008 qw the Cleaver (level 9, -10/55 HPs)
             Began as a Gargoyle Fighter on Sept 12, 2022.
             Mangled by a hornet (11 damage)
             ... on level 7 of the Dungeon.
             The game lasted 00:02:31 (6431 turns).

qw the Cleaver (Gargoyle Fighter)                   Turns: 6431, Time: 00:02:31

Health: -10/55     AC: 22    Str: 23    XL:     9   Next: 22%
Magic:  9/9        EV: 11    Int:  8    God:
Gold:   363        SH:  5    Dex: 13    Spells: 8/8 levels left

rFire   . . .      SeeInvis +   l - +1 war axe (elec)
rCold   . . .      Faith    .   c - +0 buckler
rNeg    + . .      Spirit   .   h - +0 plate armour
rPois   inf        Reflect  .   q - +0 helmet
rElec   +          Harm     .   r - +0 cloak
rCorr   .          Rampage  .   m - +0 pair of gloves
Will    .....                   (no boots)
Stlth   ..........              (no amulet)
HPRegen 0.18/turn               e - +4 ring of evasion
MPRegen 0.11/turn               n - ring of see invisible

@: no status effects
A: sickness immunity, AC +6, negative energy resistance 1, electricity
resistance, torment resistance 1, petrification resistance, agile 1
a: no special abilities


You were on level 7 of the Dungeon.
You visited 1 branch of the dungeon, and saw 7 of its levels.

You collected 363 gold pieces.


Innate Abilities, Weirdness & Mutations

You are immune to sickness and miasma.
Your stone body is resilient. (AC +6)
You are immune to poison.
You resist negative energy. (rN+)
You are resistant to electric shocks. (rElec)
You are resistant to unholy torment.
You are immune to petrification.
You are agile. (Dex +4, Str/Int -1)


   Skills:
 - Level 6.1 Fighting
 - Level 9.0 Axes
 + Level 5.1 Armour
 - Level 2.1 Dodging
 - Level 4.0 Shields


You had 8 spell levels left.
You didn't know any spells.
Your spell library was empty.

Inventory:

Hand Weapons
 f - a +0 flail
 l - a +1 war axe of electrocution (weapon)
Armour
 c - a +0 buckler (worn)
 h - a +0 plate armour (worn)
 m - a +0 pair of gloves (worn)
 q - a +0 helmet (worn)
 r - a +0 cloak (worn)
 x - a +0 chain mail
Jewellery
 b - a ring of positive energy
 e - a +4 ring of evasion (left hand)
 n - a ring of see invisible (right hand)
 s - a ring of fire
 Y - a ring of resist corrosion
Scrolls
 a - a scroll of identify
 g - a scroll of blinking
Potions
 d - 2 potions of might
 i - 2 potions of mutation
 p - 4 potions of lignification
 t - a potion of brilliance {unknown}
 u - a potion of cancellation
 v - a potion of berserk rage {unknown}

Dungeon Overview and Level Annotations

Branches:
Dungeon (7/15)             Temple (0/1) D:7

Altars:
Dithmenos
Ru
Xom


Message History

The water moccasin barely misses you.
You closely miss the water moccasin.
The water moccasin is moderately wounded.
You miss the hornet. You slash the steam dragon!
You hit the orc wizard but do no damage.
The hornet barely misses you. The water moccasin bites you!
The steam dragon bites you but does no damage.
The steam dragon claws you but does no damage.
You block the orc wizard's attack.
The hornet stings you but does no damage.
You closely miss the water moccasin.
The water moccasin is moderately wounded.
You closely miss the hornet. You closely miss the steam dragon.
You closely miss the orc wizard. The water moccasin misses you.
The steam dragon barely misses you.
The steam dragon claws you but does no damage.
The hornet stings you but does no damage.
The orc wizard barely misses you. The water moccasin bites you.
You closely miss the water moccasin.
The water moccasin is moderately wounded.
You hit the hornet.
You hit the steam dragon but do no damage.
You closely miss the orc wizard. The hornet completely misses you.
The water moccasin bites you but does no damage.
The steam dragon bites you.
The steam dragon claws you but does no damage.
The orc wizard hits you but does no damage.
The hornet stings you but does no damage.
The water moccasin bites you but does no damage.
You miss the water moccasin.
The water moccasin is moderately wounded.
You miss the hornet. You closely miss the steam dragon.
You closely miss the orc wizard. The hornet closely misses you.
The steam dragon barely misses you. The steam dragon claws you.
The orc wizard hits you but does no damage.
The water moccasin bites you but does no damage.
The hornet stings you!
You die...

#.......y.#
#.#######.#
#.#######.##
###.......#..
#.....###.#.# #
#.....#####.##.##.
#........#........
#........o))......
#........#@y}...}.
###.##.###SD......
#.##.# .....>...
#......#........
#..#..##..}...}.
#..#............ .
#. #........ #
##.##.##.


You could see a hornet, a steam dragon, a water moccasin and an orc wizard
(invisible).

Vanquished Creatures
  Menkaure (D:5)
  A water moccasin (D:6)
  2 ice beasts
  A sky beast (D:7)
  2 ogres (D:5)
  A phantom (D:5)
  A necrophage (D:6)
  A bullfrog (D:6)
  A scorpion (D:7)
  3 wights (D:6)
  8 hounds
  A jelly (D:5)
  An orc priest (D:6)
  A gnoll bouda (D:6)
  6 iguanas
  6 orc wizards
  Robin (D:4)
  8 gnolls
  5 adders
  A shadow imp (D:7)
  2 white imps (D:6)
  An ufetubus (D:6)
  3 worms
  A dart slug (D:1)
  12 orcs
  8 ball pythons
  8 endoplasms
  6 giant cockroaches
  16 goblins
  8 hobgoblins
  2 jackals (D:3)
  5 kobolds
  4 quokkas
  9 bats
  2 frilled lizards
  8 rats
147 creatures vanquished.

Vanquished Creatures (others)
  A scorpion (D:5)
  2 hounds (D:5)
  An iguana (D:5)
  2 plants (D:3)
  4 toadstools (D:1)
10 creatures vanquished.

Grand Total: 157 creatures vanquished

Notes
Turn   | Place    | Note
-------+----------+-------------------------------------------
     0 | D:1      | qw the Gargoyle Fighter began the quest for the Orb.
     0 | D:1      | Reached XP level 1. HP: 14/14 MP: 1/1
     0 | D:1      | 0 ||| qw: Version: 0.1-a-119-g272c26d
     0 | D:1      | 0 ||| qw: Game counter: 10890
     0 | D:1      | 0 ||| qw: Always use a shield: true
     0 | D:1      | 0 ||| qw: God list: Okawaru
     0 | D:1      | 0 ||| qw: Allow faded altars: false
     0 | D:1      | 0 ||| qw: Do Orc after D:15 true
     0 | D:1      | 0 ||| qw: Do second Lair branch before Depths: true
     0 | D:1      | 0 ||| qw: Lair rune preference: random
     0 | D:1      | 0 ||| qw: Plans: Normal, Zot, God:TSO, Crypt, Tomb, Pan,
                  | Slime, Hells, Zig, Abyss, Orb
     0 | D:1      | 0 ||| PLANNING D:1-11
    60 | D:1      | Reached skill level 2 in Axes
   102 | D:1      | Reached XP level 2. HP: 19/19 MP: 2/2
   164 | D:1      | 164 ||| Stepping ~*~*~tactically~*~*~ (stealth).
   299 | D:1      | 299 ||| Stepping ~*~*~tactically~*~*~ (stealth).
   301 | D:1      | 301 ||| Stepping ~*~*~tactically~*~*~ (stealth).
   663 | D:1      | 663 ||| DROPPING ring of magical power.
   664 | D:1      | 664 ||| UPGRADING to ring of positive energy.
   665 | D:1      | 665 ||| READING scroll labelled FIENUNU NESYO.
   666 | D:1      | 666 ||| READING scroll labelled KICAIGRAUSM.
   671 | D:1      | 671 ||| READING scroll labelled MUFETO NUMELI.
   690 | D:2      | 690 ||| STAIRDANCE
   750 | D:2      | 750 ||| Stepping ~*~*~tactically~*~*~ (hiding).
   757 | D:2      | Reached skill level 3 in Axes
   764 | D:2      | Reached XP level 3. HP: 6/23 MP: 3/3
  1710 | D:2      | Noticed a great orb of eyes
  1713 | D:2      | Found a faded altar of an unknown god.
  1715 | D:2      | Noticed an eye of devastation
  1715 | D:2      | Noticed a golden eye
  1715 | D:2      | Noticed a shining eye
  1818 | D:2      | 1818 ||| READING scroll labelled VUKAYN ISTROET.
  1819 | D:2      | 1819 ||| READING 2 scrolls labelled ROOMUCIATT.
  1820 | D:2      | 1820 ||| DROPPING +0 whip.
  1821 | D:2      | 1821 ||| READING scroll of brand weapon.
  1821 | D:2      | 1821 ||| BRANDING +0 war axe of flaming.
  1868 | D:2      | 1868 ||| READING 2 scrolls labelled FAHUHU UTU.
  1869 | D:2      | 1869 ||| READING scroll labelled LUIN UBREKK.
  1870 | D:2      | 1870 ||| DRINKING 3 sedimented silvery potions.
  1870 | D:2      | Gained mutation: You are agile. (Dex +4, Str/Int -1)
                  | [potion of mutation]
  1870 | D:2      | Gained mutation: You are partially covered in large bone
                  | plates. (SH +4) [potion of mutation]
  1870 | D:2      | Lost mutation: You are partially covered in large bone
                  | plates. (SH +4) [potion of mutation]
  1871 | D:2      | 1871 ||| DRINKING 2 white potions.
  1916 | D:2      | 1916 ||| READING 2 scrolls of identify.
  1916 | D:2      | 1916 ||| IDENTIFYING dark potion
  1917 | D:2      | 1917 ||| DROPPING scroll of fear.
  2091 | D:3      | You fall into a shaft and drop 2 floors!
  2091 | D:5      | Entered Level 5 of the Dungeon
  2102 | D:5      | Reached skill level 4 in Axes
  2102 | D:5      | Reached XP level 4. HP: 28/28 MP: 4/4
  2111 | D:5      | HP: 6/28 [iguana (5)]
  2111 | D:5      | HP: 2/28 [iguana (4)]
  2112 | D:5      | 2112 ||| READING scroll of teleportation.
  2113 | D:5      | 2113 ||| DRINKING potion of heal wounds.
  2115 | D:5      | Reached skill level 1 in Dodging
  2116 | D:5      | Reached XP level 5. HP: 26/32 MP: 5/5
  2272 | D:3      | 2272 ||| Stepping ~*~*~tactically~*~*~ (water).
  2535 | D:3      | Found a sacrificial altar of Ru.
  2782 | D:3      | 2782 ||| UPGRADING to +0 pair of gloves.
  2787 | D:3      | 2787 ||| UPGRADING to +0 cloak.
  2792 | D:3      | 2792 ||| DROPPING amulet of magic regeneration.
  2793 | D:3      | 2793 ||| UPGRADING to ring of see invisible.
  2794 | D:3      | 2794 ||| READING scroll labelled GEYLAUCVON.
  2823 | D:4      | 2823 ||| STAIRDANCE
  2860 | D:4      | 2860 ||| Stepping ~*~*~tactically~*~*~ (stealth).
  2861 | D:4      | 2861 ||| Stepping ~*~*~tactically~*~*~ (stealth).
  2862 | D:4      | Noticed Robin
  2863 | D:4      | 2863 ||| Stepping ~*~*~tactically~*~*~ (hiding).
  2865 | D:4      | 2865 ||| Stepping ~*~*~tactically~*~*~ (hiding).
  2866 | D:4      | 2866 ||| Stepping ~*~*~tactically~*~*~ (stealth).
  2867 | D:4      | 2867 ||| Stepping ~*~*~tactically~*~*~ (stealth).
  2883 | D:4      | Killed Robin
  3023 | D:4      | Reached skill level 5 in Axes
  3123 | D:4      | Reached XP level 6. HP: 37/38 MP: 6/6
  3246 | D:4      | 3246 ||| Stepping ~*~*~tactically~*~*~ (stealth).
  3270 | D:4      | 3270 ||| Stepping ~*~*~tactically~*~*~ (stealth).
  3271 | D:4      | 3271 ||| Stepping ~*~*~tactically~*~*~ (stealth).
  3464 | D:4      | 3464 ||| UPGRADING to +0 helmet.
  3469 | D:4      | 3469 ||| UPGRADING to +0 chain mail.
  3479 | D:4      | 3479 ||| DROPPING +0 scale mail.
  3480 | D:4      | 3480 ||| READING scroll labelled ROAZIU RIUCIYRA.
  3481 | D:4      | 3481 ||| READING scroll labelled YCUOLO YFICW.
  3482 | D:4      | 3482 ||| DRINKING 2 lumpy green potions.
  3483 | D:4      | 3483 ||| DRINKING 2 brown potions.
  3484 | D:4      | 3484 ||| DROPPING potion of degeneration.
  3510 | D:5      | 3510 ||| STAIRDANCE
  3791 | D:5      | HP: 9/38 [iguana (2)]
  3792 | D:5      | 3792 ||| READING scroll of teleportation.
  3793 | D:5      | 3793 ||| DRINKING 3 potions of heal wounds.
  3794 | D:5      | Found a shadowy altar of Dithmenos.
  3894 | D:5      | Reached skill level 6 in Axes
  3894 | D:5      | Reached XP level 7. HP: 41/43 MP: 7/7
  4069 | D:5      | Found a shimmering altar of Xom.
  4070 | D:5      | 4070 ||| Stepping ~*~*~tactically~*~*~ (stealth).
  4079 | D:5      | HP: 8/43 [ogre/+0 giant club (17)]
  4080 | D:5      | 4080 ||| DRINKING 2 potions of heal wounds.
  4087 | D:5      | Reached skill level 7 in Axes
  4290 | D:5      | Reached XP level 8. HP: 35/49 MP: 8/8
  4668 | D:5      | Noticed Menkaure
  4669 | D:5      | 4669 ||| Stepping ~*~*~tactically~*~*~ (hiding).
  4675 | D:5      | Killed Menkaure
  4836 | D:5      | 4836 ||| DROPPING ring of flight.
  4837 | D:5      | 4837 ||| UPGRADING to ring of resist corrosion.
  4839 | D:5      | 4839 ||| READING 3 scrolls of identify.
  4839 | D:5      | 4839 ||| IDENTIFYING fuming red potion
  4840 | D:5      | 4840 ||| READING 2 scrolls of identify.
  4840 | D:5      | 4840 ||| IDENTIFYING purple potion
  4841 | D:5      | 4841 ||| DROPPING potion of invisibility.
  4870 | D:6      | 4870 ||| Stepping ~*~*~tactically~*~*~ (hiding).
  4871 | D:6      | 4871 ||| Stepping ~*~*~tactically~*~*~ (hiding).
  4922 | D:6      | 4922 ||| Stepping ~*~*~tactically~*~*~ (stealth).
  4972 | D:6      | Reached skill level 8 in Axes
  4976 | D:6      | HP: 9/49 [gnoll/+0 halberd[a gnoll bouda] (7)]
  4977 | D:6      | 4977 ||| READING scroll of teleportation.
  4977 | D:6      | HP: 1/49 [gnoll/+0 halberd[a gnoll bouda] (8)]
  4978 | D:6      | 4978 ||| DRINKING 2 potions of heal wounds.
  5075 | D:6      | 5075 ||| DRINKING potion of curing.
  5075 | D:6      | 5075 ||| (to cure confusion)
  5081 | D:6      | HP: 9/49 [orc wizard/magic dart (9)]
  5082 | D:6      | 5082 ||| DRINKING potion of heal wounds.
  5170 | D:6      | 5170 ||| FLEEEEING.
  5174 | D:6      | 5174 ||| STAIRDANCE
  5233 | D:5      | 5233 ||| READING scroll labelled KEKEHILATI.
  5241 | D:6      | 5241 ||| DROPPING +0 whip.
  5256 | D:6      | Reached skill level 6 in Fighting
  5366 | D:6      | 5366 ||| Stepping ~*~*~tactically~*~*~ (stealth).
  5447 | D:6      | 5447 ||| Stepping ~*~*~tactically~*~*~ (stealth).
  5448 | D:6      | 5448 ||| Stepping ~*~*~tactically~*~*~ (stealth).
  5482 | D:6      | 5482 ||| Stepping ~*~*~tactically~*~*~ (hiding).
  5657 | D:6      | Reached skill level 9 in Axes
  5657 | D:6      | Reached XP level 9. HP: 55/55 MP: 9/9
  5910 | D:6      | 5910 ||| Stepping ~*~*~tactically~*~*~ (stealth).
  6089 | D:6      | 6089 ||| UPGRADING to +4 ring of evasion.
  6126 | D:7      | 6126 ||| READING scroll of brand weapon.
  6126 | D:7      | 6126 ||| BRANDING +1 vorpal war axe.
  6196 | D:7      | 6196 ||| Stepping ~*~*~tactically~*~*~ (hiding).
  6373 | D:7      | 6373 ||| Stepping ~*~*~tactically~*~*~ (hiding).
  6374 | D:7      | 6374 ||| Stepping ~*~*~tactically~*~*~ (hiding).
  6396 | D:7      | Noticed a hornet
  6397 | D:7      | 6397 ||| Stepping ~*~*~tactically~*~*~ (stealth).
  6398 | D:7      | 6398 ||| Stepping ~*~*~tactically~*~*~ (stealth).
  6406 | D:7      | Found a staircase to the Ecumenical Temple.
  6407 | D:7      | 6407 ||| PLANNING TEMPLE
  6407 | D:7      | 6407 ||| UPGRADING to +0 plate armour.
  6417 | D:7      | 6417 ||| Stepping ~*~*~tactically~*~*~ (stealth).
  6428 | D:7      | HP: 8/55 [water moccasin (7)]
  6431 | D:7      | HP: 1/55 [steam dragon (3)]
  6431 | D:7      | Mangled by a hornet

Levels and vault maps discovered:
D:1:      ldierk_water_garden, layout_basic
D:2:      layout_basic, hellmonk_ecumenical_altar_watching_god,
          grunt_ministairs_15, minmay_misc_feat_four_crosses
D:3:      layout_rooms, nicolae_ru_path_of_blood, roderic_batcave,
          minmay_misc_feat_enclosed, serial_bayou_lagoon_a,
          serial_bayou_lagoon_b
D:4:      layout_cave_pools, kennysheep_crisscross, minmay_cupped, uniq_robin
D:5:      layout_loops_ring, xom_confusion_cloud,
          nicolae_dithmenos_the_darkroom, uniq_menkaure
D:6:      layout_basic
D:7:      layout_loops_ring, minmay_temple_entry_large_hall

Skill      XL: |  1  2  3  4  5  6  7  8  9 |
---------------+----------------------------+-----
Axes           | 2 3 4 5 6 7 9 |  9.0
Dodging        | 1 2 |  2.1
Fighting       | 4 5 6 |  6.1
Armour         | 4 5 |  5.1
Shields        | 4 |  4.0

Action                   |  1- 3 |  4- 6 |  7- 9 || total
-------------------------+-------+-------+-------++-------
Melee: War axe           |    88 |   150 |   177 ||   415
  Use: Scroll            |     9 |     5 |     5 ||    19
       Potion            |     2 |     4 |     4 ||    10
Armor: Scale mail        |    28 |    69 |       ||    97
       Chain mail        |       |    27 |    82 ||   109
       Plate armour      |       |       |    23 ||    23
Dodge: Dodged            |    24 |    63 |    86 ||   173
Block: Buckler           |    17 |    36 |    41 ||    94

Table legend:
 A = Non-vault XP
 B = Vault XP
 C = Vault XP percentage of total XP
 D = Non-vault monster count
 E = Vault monster count
 F = Vault count percentage of total count
                 A         B        C        D         E       F
            +---------+---------+-------+---------+---------+-------
      Total |    2142 |     727 |  25.3 |     117 |      30 |  20.4
            +---------+---------+-------+---------+---------+-------
        D:1 |      27 |       0 |   0.0 |      16 |       0 |   0.0
        D:2 |      26 |       2 |   7.1 |      13 |       2 |  13.3
        D:3 |      21 |      11 |  34.4 |      13 |       7 |  35.0
        D:4 |      95 |      76 |  44.4 |      19 |      14 |  42.4
        D:5 |     516 |     638 |  55.3 |      12 |       7 |  36.8
        D:6 |    1139 |       0 |   0.0 |      34 |       0 |   0.0
        D:7 |     318 |       0 |   0.0 |      10 |       0 |   0.0
            +---------+---------+-------+---------+---------+-------
